 Dungeon Crawl Stone Soup version 0.19-a0-1886-gd64a0f0 (webtiles) character file.

45 vev the Ruffian (level 3, -3/23 HPs)
             Began as a Tengu Abyssal Knight on Oct 16, 2016.
             Was a Believer of Jiyva.
             Slain by a thrashing horror (13 damage)
             ... created by the touch of Lugonu
             ... on level 3 of the Dungeon.
             The game lasted 00:06:21 (1926 turns).

vev the Ruffian (Tengu Abyssal Knight)              Turns: 1926, Time: 00:06:22

Health: -3/23      AC:  5    Str: 14    XL:     3   Next: 64%
Magic:  5/5        EV: 15    Int: 11    God:    Jiyva [**....]
Gold:   74         SH:  0    Dex: 13    Spells: 0 memorised, 2 levels left

rFire  . . .     SeeInvis .       - Unarmed
rCold  . . .     Gourm    .     a - +0 leather armour
rNeg   . . .     Faith    .     (no shield)
rPois  .         Spirit   .     (helmet restricted)
rElec  .         Dismiss  .     (no cloak)
rCorr  .         Reflect  .     (no gloves)
MR     .....     Harm     .     (boots unavailable)
Stlth  +.........               (no amulet)
                                (no ring)
                                f - +3 ring of evasion

@: no status effects
A: beak, talons 3, icy blue scales 1
a: Request Jelly, Renounce Religion


You were on level 3 of the Dungeon.
You worshipped Jiyva.
Jiyva was pleased with you.
You were not hungry.

You visited 1 branch of the dungeon, and saw 3 of its levels.
You visited the Abyss 1 time.

You collected 74 gold pieces.

Inventory:

Armour
 a - a +0 leather armour (worn)
Jewellery
 f - a +3 ring of evasion (left hand)
Scrolls
 k - a scroll of remove curse
Potions
 e - a potion of cancellation
Comestibles
 b - a bread ration
 c - a beef jerky
 d - a chunk of flesh


   Skills:
 + Level 3.3 Fighting
 - Level 2.1 Armour
 + Level 1.7 Dodging
 * Level 3.6 Unarmed Combat
   Level 1.5 Invocations


You had 2 spell levels left.
You didn't know any spells.

Dungeon Overview and Level Annotations

Branches:
Dungeon (3/15)

Altars:


Innate Abilities, Weirdness & Mutations

You have a beak for a mouth.
You have claws for feet.
You are partially covered in icy blue scales. (AC +2)


Message History

Okay, then.
Okay, then.
It was a potion of beneficial mutation.
Icy blue scales grow over part of your body.
You feel fantastic!
The thrashing horror roars!
You hear a bark!
It was a potion of cancellation.
You feel magically purged. The thrashing horror misses you.
The thrashing horror tramples you.
You stumble backwards!
Press: ? - help, v - describe, . - travel
Here: a thrashing horror (durably summoned)
The floor.
Unknown command.
You hit the thrashing horror.
The thrashing horror is lightly damaged.
The thrashing horror tramples you!
You stumble backwards!
The thrashing horror roars!
The thrashing horror tramples you!
Ouch! That really hurt!
You die...

.... #....#
....! #....
...##... .....
#..# ..## #..#
#....##..#
.......X.######
....##@......#
.#. #.#####.# #
..# ####


You could see a thrashing horror.

Vanquished Creatures
  2 gnolls (D:2)
  A dart slug (D:1)
  A leopard gecko (D:1)
  A giant cockroach (D:3)
  3 hobgoblins
  3 jackals (D:1)
  7 bats
  2 frilled lizards (D:1)
  5 kobolds
  7 rats
32 creatures vanquished.

Vanquished Creatures (others)
  A jelly (D:2)
  2 gnolls (D:2)
  An ooze (D:1)
  A dart slug (D:1)
  A goblin (D:1)
  A hobgoblin (D:2)
  2 kobolds (D:1)
  A bat (D:2)
  A rat (D:2)
11 creatures vanquished.

Grand Total: 43 creatures vanquished

Notes
Turn   | Place    | Note
-------+----------+-------------------------------------------
     0 | Abyss:1  | vev the Tengu Abyssal Knight began the quest for the Orb.
     0 | Abyss:1  | Reached XP level 1. HP: 14/14 MP: 3/3
     4 | Abyss:1  | Fell from the grace of Lugonu
     4 | Abyss:1  | Became a worshipper of Jiyva Jeedaogh the Shapeless
    69 | Abyss:1  | Noticed a blizzard demon
    70 | Abyss:1  | Noticed a raiju
    73 | D:1      | Escaped the Abyss
   451 | D:1      | Reached XP level 2. HP: 5/19 MP: 4/4
   780 | D:1      | Reached skill level 3 in Unarmed Combat
  1300 | D:2      | Reached XP level 3. HP: 23/23 MP: 5/5
  1394 | D:2      | Reached * piety under Jiyva
  1539 | D:2      | Noticed a thrashing horror
  1867 | D:2      | Reached ** piety under Jiyva
  1923 | D:3      | Noticed a thrashing horror
  1923 | D:3      | Gained mutation: You are partially covered in icy blue scales. (AC +2) [potion of beneficial mutation]
  1926 | D:3      | Slain by a thrashing horror

Vault maps used:
D:1:      dpeg_arrival_long_road
D:2:      first_bread, corexii_corridor_pit
D:3:      grunt_temple_overflow_champion_of_chaos,
          nicolae_ru_the_path_less_chosen, zin_treasury,
          nicolae_overflow_crystal_walls, uniq_grinder

Skill      XL: |  1  2 |
---------------+-------+-----
Unarmed Combat | 3 |  3.6
Fighting       | |  3.3
Armour         | |  2.1
Dodging        | |  1.7
Invocations    | |  1.5

Action                   || total
-------------------------++-------
Melee: Unarmed           ||   106
       Peck              ||    21
       Kick              ||    22
  Use: Scroll            ||     4
       Potion            ||     3
  Eat: Chunk             ||     3
Armor: Leather armour    ||    29
Dodge: Dodged            ||    94
